Sasquatch vs Knights
Created - November 22, 2017 at 23:25
Goals
|
| Sasquatch |
1 |
1 |
1 |
3 |
| Knights |
2 |
1 |
3 |
6 |
|
Shots
|
| Sasquatch |
7 |
15 |
9 |
31 |
| Knights |
9 |
11 |
13 |
33 |
|
1st period
1. Sasquatch , Stephane Da Costa 13 (Slava Voynov 3, Filip Forsberg 15) at 4:50
2. Knights , Michael Raffl 7 (Josh Bailey 3) at 6:32 (PP)
3. Knights , Michael Raffl 8 (Josh Bailey 4, James Wright 5) at 6:40
Penalties :
Jason Akeson (Gat) for Slashing (Minor) at 4:57, Ty Wishart (Gat) for Delaying the game (Minor) at 8:08, Kevin Hayes (Lon) for Interference (Minor) at 10:47, Michael Raffl (Lon) for High sticking (Minor) at 13:29
2nd period
4. Sasquatch , Drew Shore 15 (Jason Zucker 11, Jonathan Blum 7) at 13:22
5. Knights , Josh Bailey 6 (Jared Spurgeon 9, Michael Raffl 12) at 14:01
Penalties :
Brock Trotter (Gat) for Cross-checking (Minor) at 5:50
3rd period
6. Knights , Kevin Hayes 3 (Ryan Nugent-Hopkins 8, Ronalds Kenins 2) at 9:27
7. Knights , Nikita Nikitin 1 (James Wright 6, Josh Bailey 5) at 9:40 (PP)
8. Sasquatch , Stephane Da Costa 14 (Yann Sauvé 9) at 9:50
9. Knights , Nikita Nikitin 2 (Jared Spurgeon 10, Michael Raffl 13) at 19:13 (PP)
Penalties :
Jonathan Blum (Gat) for Hooking (Minor) at 2:09, Sergey Kalinin (Gat) for Boarding (Minor) at 5:44, Jason Akeson (Gat) for Slashing (Minor) at 9:32, Ty Wishart (Gat) for Hooking (Minor) at 16:31, Nick Leddy (Gat) for Holding (Minor) at 18:44, Drew Shore (Gat) for Hooking (Minor) at 19:57
Goalie Stats
Corey Crawford (Gat), 27 saves from 33 shots - (0.818), L, 8-7-0, 60:00 minutes
Ben Scrivens (Lon), 28 saves from 31 shots - (0.903), W, 7-7-0, 60:00 minutes
Players Stats for Sasquatch
Player Name G A P +/- PIM S H SB GA TA FO MP PP MP PK MP
------------------------------------------------------------------------------------
Brock Trotter 0 0 0 0 2 2 0 1 0 0 0/0 10:42 0:00 1:12
Danny DeKeiser 0 0 0 0 0 1 0 1 0 0 0/0 12:08 1:23 3:26
Drew Shore 1 0 1 0 2 5 3 2 0 0 12/32 21:34 2:05 7:00
Filip Forsberg 0 1 1 0 0 2 1 0 1 1 4/8 20:02 2:05 2:06
Garnet Hathaway 0 0 0 0 0 1 0 0 0 0 0/0 16:53 0:00 7:02
Jason Akeson 0 0 0 0 4 0 1 0 0 0 2/2 17:54 2:05 0:00
Jason Zucker 0 1 1 0 0 4 0 0 1 1 1/1 14:20 1:53 0:25
Jonathan Blum 0 1 1 1 2 1 1 0 0 0 0/0 22:50 1:23 3:42
Nick Leddy 0 0 0 -1 2 3 6 3 0 2 0/0 24:42 2:35 1:31
Rickard Rakell 0 0 0 0 0 0 1 0 0 1 1/5 9:47 0:00 0:21
Ryan Strome 0 0 0 0 0 0 2 0 0 0 0/0 13:55 1:53 0:00
Sergey Kalinin 0 0 0 0 2 3 2 0 0 0 1/2 8:51 0:00 2:42
Slava Voynov 0 1 1 1 0 1 0 1 0 1 0/0 19:46 0:00 4:55
Stephane Da Costa 2 0 2 0 0 6 2 2 1 0 13/27 17:41 1:53 0:00
Teemu Hartikainen 0 0 0 0 0 1 1 0 0 0 0/0 9:39 0:00 3:30
Ty Wishart 0 0 0 0 4 1 0 1 0 1 0/0 12:46 0:00 2:53
Tyler Randell 0 0 0 0 0 0 0 0 0 0 0/0 6:04 0:00 0:00
Yann Sauvé 0 1 1 -1 0 0 1 2 0 2 0/0 28:08 2:35 7:51
Players Stats for Knights
Player Name G A P +/- PIM S H SB GA TA FO MP PP MP PK MP
------------------------------------------------------------------------------------
A.J. Jenks 0 0 0 -1 0 1 2 0 0 0 0/0 10:46 0:00 0:00
Brendan Gaunce 0 0 0 0 0 1 0 0 0 0 2/5 8:02 0:00 1:16
Cody Bass 0 0 0 -1 0 3 0 0 1 1 3/11 13:15 0:00 2:22
Jaccob Slavin 0 0 0 0 0 1 0 0 0 0 0/0 14:26 5:01 0:00
Jacob Trouba 0 0 0 1 0 0 0 1 0 0 0/0 23:26 5:03 1:52
James Wright 0 2 2 0 0 0 2 0 0 0 21/31 21:05 6:52 0:20
Jared Spurgeon 0 2 2 0 0 5 2 1 1 0 0/0 29:56 7:08 2:06
Jordan Martinook 0 0 0 0 0 0 0 0 0 0 0/0 7:31 0:00 0:45
Josh Bailey 1 3 4 0 0 3 2 1 0 0 2/3 20:44 6:52 0:00
Kevin Hayes 1 0 1 1 2 4 0 0 2 0 0/1 17:44 5:17 0:00
Linden Vey 0 0 0 -1 0 1 0 0 2 0 0/0 10:46 0:00 0:00
Michael Matheson 0 0 0 -1 0 0 2 1 0 1 0/0 11:08 0:34 1:52
Michael Raffl 2 2 4 0 2 7 1 1 1 0 1/1 21:55 6:52 1:04
Nikita Nikitin 2 0 2 1 0 3 4 2 0 0 0/0 20:19 6:32 0:00
Ronalds Kenins 0 1 1 1 0 2 0 0 2 0 0/1 19:48 5:17 2:09
Ryan Nugent-Hopkins 0 1 1 1 0 1 1 1 0 0 14/24 17:38 5:17 0:00
Tom Wilson 0 0 0 0 0 1 1 0 0 0 0/0 6:46 0:00 0:00
Zach Trotman 0 0 0 -1 0 0 1 2 0 1 0/0 20:45 0:00 2:06
3 Stars
1 - Nikita Nikitin (Lon)
2 - Josh Bailey (Lon)
3 - Michael Raffl (Lon)
Power Play
Sasquatch - 0 on 2 Attempt(s) - 0.00%
Knights - 3 on 9 Attempt(s) - 33.33%
Penalty Kill
Sasquatch - 6 on 9 Attempt(s) - 66.67%
- Score 0 goal in Penalty Kill
Knights - 2 on 2 Attempt(s) - 100.00%
- Score 0 goal in Penalty Kill
Team Stat
Sasquatch - Hits : 21 - Faceoff Wins : 34 - Blocked Shots : 13 - Penalty Minutes : 18
Knights - Hits : 18 - Faceoff Wins : 43 - Blocked Shots : 10 - Penalty Minutes : 4
Official
Referees : Ciamaga Chris and Rehman Kyle
Linesman : Steve Miller and Andy McElman
Game Notes
Danny DeKeiser is injured at 10:11 of 2nd period (Bruised Right Foot)
Finance
Level 1 -- Attendance: 1413 (70.65%) -- Ticket Income $42,390
Level 2 -- Attendance: 781 (78.10%) -- Ticket Income $11,715
Total Attendance: 2194 (73.13%)
Total Ticket Income: $54,105
Other Income: $2,705
Total Income: $56,810
Sasquatch
5 vs 5 Forward
Center Left Wing Right Wing Time % Phy DF OF
1 Stephane Da Costa Filip Forsberg Jason Akeson 40 1 2 2
2 Drew Shore Jason Zucker Ryan Strome 30 1 2 2
3 Rickard Rakell Brock Trotter Garnet Hathaway 20 1 2 2
4 Sergey Kalinin Teemu Hartikainen Tyler Randell 10 1 2 2
5 vs 5 Defense
Defense Defense Time % Phy DF OF
1 Yann Sauvé Nick Leddy 40 1 2 2
2 Danny DeKeiser Jonathan Blum 30 1 2 2
3 Ty Wishart Slava Voynov 20 1 2 2
4 Jonathan Blum Nick Leddy 10 1 2 2
PowerPlay Forward
Center Left Wing Right Wing Time % Phy DF OF
1 Drew Shore Filip Forsberg Jason Akeson 60 1 2 2
2 Stephane Da Costa Jason Zucker Ryan Strome 40 1 2 2
PowerPlay Defense
Defense Defense Time % Phy DF OF
1 Nick Leddy Yann Sauvé 60 1 2 2
2 Danny DeKeiser Jonathan Blum 40 1 2 2
Penalty Kill 4 Players Forward
Center Wing Time % Phy DF OF
1 Drew Shore Garnet Hathaway 60 1 2 2
2 Sergey Kalinin Teemu Hartikainen 40 1 2 2
Penalty Kill 4 Players Defense
Defense Defense Time % Phy DF OF
1 Yann Sauvé Danny DeKeiser 60 1 2 2
2 Ty Wishart Jonathan Blum 40 1 2 2
Penalty Kill - 3 Players Forward
Forward Time % Phy DF OF
1 Drew Shore 60 1 2 2
2 Rickard Rakell 40 1 2 2
Penalty Kill - 3 Players Defense
Defense Defense Time % Phy DF OF
1 Danny DeKeiser Yann Sauvé 60 1 2 2
2 Jonathan Blum Ty Wishart 40 1 2 2
4 vs 4 Forward
Center Wing Time % Phy DF OF
1 Drew Shore Filip Forsberg 60 1 2 2
2 Stephane Da Costa Jason Akeson 40 1 2 2
4 vs 4 Defense
Defense Defense Time % Phy DF OF
1 Danny DeKeiser Yann Sauvé 60 1 2 2
2 Nick Leddy Jonathan Blum 40 1 2 2
Last Minutes Offensive
Center Left Wing Right Wing Defense Defense
Stephane Da Costa Filip Forsberg Jason Akeson Nick Leddy Jonathan Blum
Last Minutes Defensive
Center Left Wing Right Wing Defense Defense
Drew Shore Teemu Hartikainen Garnet Hathaway Yann Sauvé Danny DeKeiser
Goaltenders
Starting : Corey Crawford
Backup : Joonas Korpisalo
Extra Forwards
Normal : Rickard Rakell, Teemu Hartikainen, Stephane Da Costa - PP : Jason Zucker, Rickard Rakell - PK : Filip Forsberg
Extra Defensemen
Normal : Jonathan Blum, Slava Voynov, Yann Sauvé - PP : Yann Sauvé - PK : Slava Voynov, Ty Wishart
Penalty Shots
Ryan Strome, Jason Akeson, Jason Zucker, Tyler Randell, Filip Forsberg
Scratches
Andy Andreoff (Healthy), T.J. Tynan (Healthy), Danny DeKeiser (Bruised Right Foot Injury), Ty Rattie (Healthy), Joey Laleggia (Healthy)
Greg Pateryn (Lacerated Left Calf Injury), Jack Campbell (Healthy)
Knights
5 vs 5 Forward
Center Left Wing Right Wing Time % Phy DF OF
1 James Wright Michael Raffl Josh Bailey 34 0 0 5
2 Ryan Nugent-Hopkins Ronalds Kenins Kevin Hayes 30 0 1 4
3 Cody Bass A.J. Jenks Linden Vey 26 1 1 3
4 Brendan Gaunce Jordan Martinook Tom Wilson 10 1 2 2
5 vs 5 Defense
Defense Defense Time % Phy DF OF
1 Jared Spurgeon Zach Trotman 40 1 2 2
2 Jacob Trouba Nikita Nikitin 30 1 2 2
3 Michael Matheson Jaccob Slavin 20 1 2 2
4 Jared Spurgeon Jacob Trouba 10 1 2 2
PowerPlay Forward
Center Left Wing Right Wing Time % Phy DF OF
1 James Wright Michael Raffl Josh Bailey 60 0 0 5
2 Ryan Nugent-Hopkins Ronalds Kenins Kevin Hayes 40 0 0 5
PowerPlay Defense
Defense Defense Time % Phy DF OF
1 Nikita Nikitin Jared Spurgeon 60 0 2 3
2 Jaccob Slavin Jacob Trouba 40 0 2 3
Penalty Kill 4 Players Forward
Center Wing Time % Phy DF OF
1 Cody Bass Michael Raffl 60 1 3 1
2 James Wright Ronalds Kenins 40 1 3 1
Penalty Kill 4 Players Defense
Defense Defense Time % Phy DF OF
1 Zach Trotman Jared Spurgeon 60 1 4 0
2 Jacob Trouba Michael Matheson 40 1 4 0
Penalty Kill - 3 Players Forward
Forward Time % Phy DF OF
1 James Wright 60 0 4 1
2 Cody Bass 40 0 4 1
Penalty Kill - 3 Players Defense
Defense Defense Time % Phy DF OF
1 Jared Spurgeon Zach Trotman 60 1 4 0
2 Jacob Trouba Michael Matheson 40 1 4 0
4 vs 4 Forward
Center Wing Time % Phy DF OF
1 James Wright Michael Raffl 60 1 2 2
2 Ryan Nugent-Hopkins Kevin Hayes 40 1 2 2
4 vs 4 Defense
Defense Defense Time % Phy DF OF
1 Jared Spurgeon Jacob Trouba 60 1 2 2
2 Nikita Nikitin Zach Trotman 40 1 2 2
Last Minutes Offensive
Center Left Wing Right Wing Defense Defense
James Wright Michael Raffl Josh Bailey Jared Spurgeon Nikita Nikitin
Last Minutes Defensive
Center Left Wing Right Wing Defense Defense
Cody Bass Michael Raffl Kevin Hayes Zach Trotman Jacob Trouba
Goaltenders
Starting : Ben Scrivens
Backup : Connor Knapp
Extra Forwards
Normal : Ryan Nugent-Hopkins, Michael Raffl, James Wright - PP : Michael Raffl, James Wright - PK : Michael Raffl
Extra Defensemen
Normal : Jaccob Slavin, Jacob Trouba, Jared Spurgeon - PP : Jacob Trouba - PK : Jacob Trouba, Jared Spurgeon
Penalty Shots
Ryan Nugent-Hopkins, James Wright, Cody Bass, Michael Raffl, Josh Bailey
Scratches
Alan Quine (Healthy), Jordan Weal (Healthy), Collin Miller (Healthy), Matt Puempel (Healthy), David Shields (Healthy)
Matthew Benning (Healthy), Matt Grzelcyk (Healthy), Brett Connolly (Healthy), Travis Boyd (Healthy), Scott Jackson (Healthy)
Magnus Hellberg (Healthy)
% Time on Ice - Sasquatch
Lines # - Real PCT - Wanted PCT - Time Play
Normal Forward
1 - 37% - 40% - 16:16
2 - 28% - 30% - 12:07
3 - 21% - 20% - 9:26
4 - 14% - 10% - 6:04
Normal Defense
1 - 38% - 40% - 16:41
2 - 37% - 30% - 16:06
3 - 21% - 20% - 9:26
4 - 4% - 10% - 1:40
PP Forward
1 - 53% - 60% - 2:05
2 - 47% - 40% - 1:53
PP Defense
1 - 65% - 60% - 2:35
2 - 35% - 40% - 1:23
PK Forward
1 - 71% - 60% - 8:39
2 - 29% - 40% - 3:30
PK Defense
1 - 65% - 60% - 7:51
2 - 35% - 40% - 4:18
PK3 Forward
1 - 0% - 60%
2 - 0% - 40%
PK3 Defense
1 - 0% - 60%
2 - 0% - 40%
44 Forward
1 - 0% - 60%
2 - 0% - 40%
44 Defense
1 - 0% - 60%
2 - 0% - 40%
Last Minute Offensive - 0:00
Last Minute Defensive - 0:00
Total
Forward - 60:00
Defense - 60:00
|
% Time on Ice - Knights
Lines # - Real PCT - Wanted PCT - Time Play
Normal Forward
1 - 32% - 34% - 13:59
2 - 28% - 30% - 12:22
3 - 25% - 26% - 10:46
4 - 15% - 10% - 6:46
Normal Defense
1 - 43% - 40% - 18:53
2 - 33% - 30% - 14:30
3 - 19% - 20% - 8:29
4 - 5% - 10% - 2:01
PP Forward
1 - 57% - 60% - 6:52
2 - 43% - 40% - 5:17
PP Defense
1 - 59% - 60% - 7:08
2 - 41% - 40% - 5:01
PK Forward
1 - 92% - 60% - 3:38
2 - 8% - 40% - 0:20
PK Defense
1 - 53% - 60% - 2:06
2 - 47% - 40% - 1:52
PK3 Forward
1 - 0% - 60%
2 - 0% - 40%
PK3 Defense
1 - 0% - 60%
2 - 0% - 40%
44 Forward
1 - 0% - 60%
2 - 0% - 40%
44 Defense
1 - 0% - 60%
2 - 0% - 40%
Last Minute Offensive - 0:00
Last Minute Defensive - 0:00
Total
Forward - 60:00
Defense - 60:00
|
Play by Play
1st period
0:01 of 1st period - Stephane Da Costa wins face-off versus James Wright in neutral zone.
1:33 of 1st period - Off-side.
1:34 of 1st period - Ryan Nugent-Hopkins wins face-off versus Drew Shore in neutral zone.
1:41 of 1st period - Slapshot by Kevin Hayes.
1:41 of 1st period - Stopped by Corey Crawford with a rebound.
2:08 of 1st period - Snap shot by Michael Raffl.
2:08 of 1st period - Stopped by Corey Crawford with a rebound.
4:50 of 1st period - Slapshot by Stephane Da Costa.
4:50 of 1st period - Goal by Stephane Da Costa - Sasquatch : 1 - Knights : 0.
4:51 of 1st period - Ryan Nugent-Hopkins wins face-off versus Stephane Da Costa in neutral zone.
4:57 of 1st period - Minor Penalty to Jason Akeson for Slashing.
4:58 of 1st period - James Wright wins face-off versus Drew Shore in Sasquatch zone.
5:02 of 1st period - Snap shot by Michael Raffl.
5:02 of 1st period - Shot Blocked by Drew Shore.
5:04 of 1st period - Slapshot by James Wright.
5:04 of 1st period - Deflect By Michael Raffl.
5:04 of 1st period - Stopped by Corey Crawford with a rebound.
5:06 of 1st period - Wrist shot by Michael Raffl.
5:06 of 1st period - Shot Misses the Net.
5:58 of 1st period - Icing by Josh Bailey.
5:59 of 1st period - Drew Shore wins face-off versus James Wright in Knights zone.
6:32 of 1st period - Wrist shot by Michael Raffl.
6:32 of 1st period - Goal by Michael Raffl - Sasquatch : 1 - Knights : 1.
6:33 of 1st period - James Wright wins face-off versus Stephane Da Costa in neutral zone.
6:40 of 1st period - Snap shot by Michael Raffl.
6:40 of 1st period - Goal by Michael Raffl - Sasquatch : 1 - Knights : 2.
6:41 of 1st period - James Wright wins face-off versus Stephane Da Costa in neutral zone.
7:51 of 1st period - Wrist shot by Tom Wilson.
7:51 of 1st period - Stopped by Corey Crawford with a rebound.
7:53 of 1st period - Wrist shot by Brendan Gaunce.
7:53 of 1st period - Stopped by Corey Crawford without a rebound.
7:54 of 1st period - Sergey Kalinin wins face-off versus James Wright in Sasquatch zone.
8:08 of 1st period - Minor Penalty to Ty Wishart for Delaying the game.
8:09 of 1st period - James Wright wins face-off versus Drew Shore in Sasquatch zone.
8:11 of 1st period - Snap shot by Josh Bailey.
8:11 of 1st period - Shot Blocked by Drew Shore.
8:28 of 1st period - Icing by Jared Spurgeon.
8:29 of 1st period - Drew Shore wins face-off versus James Wright in Knights zone.
8:34 of 1st period - Wrist shot by Drew Shore.
8:34 of 1st period - Stopped by Ben Scrivens with a rebound.
8:36 of 1st period - Wrist shot by Garnet Hathaway.
8:36 of 1st period - Shot Misses the Net.
8:52 of 1st period - Ronalds Kenins is hit by Yann Sauvé and loses puck.
9:17 of 1st period - Garnet Hathaway is hit by James Wright.
9:35 of 1st period - Snap shot by Brock Trotter.
9:35 of 1st period - Shot Misses the Net.
10:08 of 1st period - Penalty to Ty Wishart is over, Ty Wishart is back on ice.
10:17 of 1st period - Danny DeKeiser is hit by A.J. Jenks and loses puck.
10:28 of 1st period - Wrist shot by Drew Shore.
10:28 of 1st period - Deflect By Zach Trotman.
10:28 of 1st period - Shot Misses the Net.
10:28 of 1st period - Puck is out of play.
10:29 of 1st period - Stephane Da Costa wins face-off versus Brendan Gaunce in Knights zone.
10:30 of 1st period - Slapshot by Jason Akeson.
10:30 of 1st period - Shot Blocked by Zach Trotman.
10:32 of 1st period - Wrist shot by Nick Leddy.
10:32 of 1st period - Shot Blocked by Zach Trotman.
10:40 of 1st period - Wrist shot by Stephane Da Costa.
10:40 of 1st period - Shot Misses the Net.
10:42 of 1st period - Slapshot by Nick Leddy.
10:42 of 1st period - Deflect By Stephane Da Costa.
10:42 of 1st period - Shot Blocked by Jared Spurgeon.
10:42 of 1st period - Puck is out of play.
10:43 of 1st period - Stephane Da Costa wins face-off versus Ryan Nugent-Hopkins in Knights zone.
10:47 of 1st period - Minor Penalty to Kevin Hayes for Interference.
10:48 of 1st period - Filip Forsberg wins face-off versus Cody Bass in Knights zone.
12:16 of 1st period - Icing by Yann Sauvé.
12:17 of 1st period - Brendan Gaunce wins face-off versus Drew Shore in Sasquatch zone.
12:34 of 1st period - Jacob Trouba is hit by Ryan Strome and loses puck.
12:47 of 1st period - Penalty to Kevin Hayes is over, Kevin Hayes is back on ice.
13:29 of 1st period - Minor Penalty to Michael Raffl for High sticking.
13:30 of 1st period - Drew Shore wins face-off versus Cody Bass in Knights zone.
13:35 of 1st period - Snap shot by Filip Forsberg.
13:35 of 1st period - Deflect By Drew Shore.
13:35 of 1st period - Stopped by Ben Scrivens with a rebound.
14:06 of 1st period - Off-side.
14:07 of 1st period - Stephane Da Costa wins face-off versus Brendan Gaunce in neutral zone.
15:02 of 1st period - Icing by Drew Shore.
15:03 of 1st period - Drew Shore wins face-off versus Brendan Gaunce in Sasquatch zone.
15:08 of 1st period - Michael Matheson is hit by Drew Shore and loses puck.
15:29 of 1st period - Penalty to Michael Raffl is over, Michael Raffl is back on ice.
15:29 of 1st period - Wrist shot by Stephane Da Costa.
15:29 of 1st period - Stopped by Ben Scrivens without a rebound.
15:30 of 1st period - James Wright wins face-off versus Rickard Rakell in Knights zone.
15:30 of 1st period - James Wright is hit by Rickard Rakell.
15:38 of 1st period - Icing by Danny DeKeiser.
15:39 of 1st period - James Wright wins face-off versus Rickard Rakell in Sasquatch zone.
16:10 of 1st period - Danny DeKeiser is hit by Jared Spurgeon and loses puck.
16:47 of 1st period - Wrist shot by Garnet Hathaway.
16:47 of 1st period - Stopped by Ben Scrivens without a rebound.
16:48 of 1st period - Filip Forsberg wins face-off versus Ryan Nugent-Hopkins in Knights zone.
16:52 of 1st period - Icing by Nikita Nikitin.
16:53 of 1st period - Ryan Nugent-Hopkins wins face-off versus Stephane Da Costa in Knights zone.
16:59 of 1st period - Off-side.
17:00 of 1st period - Ryan Nugent-Hopkins wins face-off versus Stephane Da Costa in neutral zone.
17:11 of 1st period - Wrist shot by Ronalds Kenins.
17:11 of 1st period - Stopped by Corey Crawford without a rebound.
17:12 of 1st period - Ryan Nugent-Hopkins wins face-off versus Stephane Da Costa in Sasquatch zone.
17:37 of 1st period - Jacob Trouba is hit by Nick Leddy and loses puck.
17:43 of 1st period - Off-side.
17:44 of 1st period - Cody Bass wins face-off versus Drew Shore in neutral zone.
17:49 of 1st period - Slapshot by Jared Spurgeon.
17:49 of 1st period - Shot Hit the Post.
17:55 of 1st period - Cody Bass is hit by Ryan Strome and loses puck.
18:15 of 1st period - Snap shot by Stephane Da Costa.
18:15 of 1st period - Stopped by Ben Scrivens with a rebound.
18:19 of 1st period - Slapshot by Stephane Da Costa.
18:19 of 1st period - Shot Misses the Net.
18:21 of 1st period - Snap shot by Filip Forsberg.
18:21 of 1st period - Shot Misses the Net.
18:45 of 1st period - Snap shot by Michael Raffl.
18:45 of 1st period - Shot Misses the Net.
18:47 of 1st period - Slapshot by Jared Spurgeon.
18:47 of 1st period - Shot Blocked by Nick Leddy.
18:58 of 1st period - Slapshot by Yann Sauvé.
18:58 of 1st period - Shot Blocked by Nikita Nikitin.
19:00 of 1st period - Snap shot by Sergey Kalinin.
19:00 of 1st period - Deflect By Teemu Hartikainen.
19:00 of 1st period - Shot Blocked by Jacob Trouba.
19:00 of 1st period - Puck is out of play.
19:01 of 1st period - Brendan Gaunce wins face-off versus Sergey Kalinin in Knights zone.
19:33 of 1st period - Wrist shot by Sergey Kalinin.
19:33 of 1st period - Stopped by Ben Scrivens without a rebound.
19:34 of 1st period - Filip Forsberg wins face-off versus Ryan Nugent-Hopkins in Knights zone.
19:47 of 1st period - Wrist shot by Ronalds Kenins.
19:47 of 1st period - Deflect By Kevin Hayes.
19:47 of 1st period - Stopped by Corey Crawford without a rebound.
19:48 of 1st period - Drew Shore wins face-off versus Cody Bass in Sasquatch zone.
Goals for this period are 1 for Sasquatch vs 2 for Knights.
Shots for this period are 7 for Sasquatch vs 9 for Knights.
2nd period
0:01 of 2nd period - James Wright wins face-off versus Stephane Da Costa in neutral zone.
0:03 of 2nd period - Off-side.
0:04 of 2nd period - Stephane Da Costa wins face-off versus James Wright in neutral zone.
0:11 of 2nd period - Wrist shot by Filip Forsberg.
0:11 of 2nd period - Stopped by Ben Scrivens with a rebound.
0:23 of 2nd period - Stephane Da Costa is hit by James Wright and loses puck.
0:34 of 2nd period - Snap shot by Stephane Da Costa.
0:34 of 2nd period - Stopped by Ben Scrivens with a rebound.
0:44 of 2nd period - Michael Raffl is hit by Stephane Da Costa and loses puck.
0:49 of 2nd period - Backhand shot by Stephane Da Costa.
0:49 of 2nd period - Deflect By Filip Forsberg.
0:49 of 2nd period - Stopped by Ben Scrivens with a rebound.
1:50 of 2nd period - Wrist shot by Filip Forsberg.
1:50 of 2nd period - Deflect By Stephane Da Costa.
1:50 of 2nd period - Shot Blocked by Nikita Nikitin.
1:50 of 2nd period - Puck is out of play.
1:51 of 2nd period - Ryan Nugent-Hopkins wins face-off versus Drew Shore in Knights zone.
2:24 of 2nd period - Snap shot by Linden Vey.
2:24 of 2nd period - Shot Misses the Net.
2:26 of 2nd period - Wrist shot by Jared Spurgeon.
2:26 of 2nd period - Stopped by Corey Crawford with a rebound.
2:28 of 2nd period - Slapshot by Zach Trotman.
2:28 of 2nd period - Shot Blocked by Brock Trotter.
2:40 of 2nd period - Slapshot by Jonathan Blum.
2:40 of 2nd period - Shot Misses the Net.
2:42 of 2nd period - Slapshot by Danny DeKeiser.
2:42 of 2nd period - Stopped by Ben Scrivens with a rebound.
2:44 of 2nd period - Wrist shot by Sergey Kalinin.
2:44 of 2nd period - Shot Misses the Net.
2:46 of 2nd period - Wrist shot by Danny DeKeiser.
2:46 of 2nd period - Deflect By Tyler Randell.
2:46 of 2nd period - Shot Misses the Net.
2:46 of 2nd period - Puck is out of play.
2:47 of 2nd period - Drew Shore wins face-off versus Ryan Nugent-Hopkins in Knights zone.
2:48 of 2nd period - Snap shot by Jason Zucker.
2:48 of 2nd period - Stopped by Ben Scrivens with a rebound.
3:41 of 2nd period - Slapshot by Sergey Kalinin.
3:41 of 2nd period - Stopped by Ben Scrivens with a rebound.
3:43 of 2nd period - Slapshot by Ty Wishart.
3:43 of 2nd period - Stopped by Ben Scrivens with a rebound.
3:45 of 2nd period - Slapshot by Teemu Hartikainen.
3:45 of 2nd period - Stopped by Ben Scrivens without a rebound.
3:46 of 2nd period - Drew Shore wins face-off versus Ryan Nugent-Hopkins in Knights zone.
4:36 of 2nd period - Zach Trotman is hit by Sergey Kalinin and loses puck.
5:02 of 2nd period - Snap shot by Drew Shore.
5:02 of 2nd period - Shot Blocked by Michael Raffl.
5:39 of 2nd period - Slapshot by Nick Leddy.
5:39 of 2nd period - Shot Blocked by Michael Matheson.
5:41 of 2nd period - Snap shot by Garnet Hathaway.
5:41 of 2nd period - Shot Misses the Net.
5:50 of 2nd period - Minor Penalty to Brock Trotter for Cross-checking.
5:51 of 2nd period - James Wright wins face-off versus Drew Shore in Sasquatch zone.
5:54 of 2nd period - Slapshot by Michael Raffl.
5:54 of 2nd period - Deflect By Danny DeKeiser.
5:54 of 2nd period - Shot Misses the Net.
5:54 of 2nd period - Puck is out of play.
5:55 of 2nd period - James Wright wins face-off versus Drew Shore in Sasquatch zone.
5:58 of 2nd period - Wrist shot by Josh Bailey.
5:58 of 2nd period - Stopped by Corey Crawford with a rebound.
6:00 of 2nd period - Snap shot by James Wright.
6:00 of 2nd period - Shot Misses the Net.
6:02 of 2nd period - Backhand shot by Nikita Nikitin.
6:02 of 2nd period - Stopped by Corey Crawford without a rebound.
6:03 of 2nd period - Drew Shore wins face-off versus James Wright in Sasquatch zone.
7:50 of 2nd period - Penalty to Brock Trotter is over, Brock Trotter is back on ice.
8:00 of 2nd period - Cody Bass is hit by Jason Akeson and loses puck.
8:21 of 2nd period - Snap shot by Jordan Martinook.
8:21 of 2nd period - Shot Blocked by Slava Voynov.
8:41 of 2nd period - Jason Zucker is hit by Jared Spurgeon and loses puck.
9:05 of 2nd period - Off-side.
9:06 of 2nd period - Stephane Da Costa wins face-off versus Cody Bass in neutral zone.
9:21 of 2nd period - Stephane Da Costa is hit by Nikita Nikitin and loses puck.
10:02 of 2nd period - Brock Trotter is hit by Zach Trotman and loses puck.
10:11 of 2nd period - Snap shot by Tom Wilson.
10:11 of 2nd period - Shot Blocked by Danny DeKeiser.
10:11 of 2nd period - Danny DeKeiser from Sasquatch is injured at 10:11 of 2nd period (Bruised Right Foot).
10:12 of 2nd period - Stephane Da Costa wins face-off versus Ryan Nugent-Hopkins in Sasquatch zone.
10:21 of 2nd period - Slapshot by Jared Spurgeon.
10:21 of 2nd period - Stopped by Corey Crawford without a rebound.
10:22 of 2nd period - Jason Akeson wins face-off versus Kevin Hayes in Sasquatch zone.
10:29 of 2nd period - Snap shot by Ronalds Kenins.
10:29 of 2nd period - Shot Blocked by Nick Leddy.
10:31 of 2nd period - Slapshot by Jared Spurgeon.
10:31 of 2nd period - Stopped by Corey Crawford without a rebound.
10:32 of 2nd period - Ryan Nugent-Hopkins wins face-off versus Stephane Da Costa in Sasquatch zone.
10:41 of 2nd period - Slapshot by Ronalds Kenins.
10:41 of 2nd period - Stopped by Corey Crawford without a rebound.
10:42 of 2nd period - Stephane Da Costa wins face-off versus Ryan Nugent-Hopkins in Sasquatch zone.
11:03 of 2nd period - Slapshot by Nick Leddy.
11:03 of 2nd period - Deflect By Stephane Da Costa.
11:03 of 2nd period - Shot Misses the Net.
11:03 of 2nd period - Puck is out of play.
11:04 of 2nd period - James Wright wins face-off versus Drew Shore in Knights zone.
11:04 of 2nd period - James Wright is hit by Drew Shore.
11:30 of 2nd period - Slava Voynov is hit by Nikita Nikitin and loses puck.
11:58 of 2nd period - Icing by Nick Leddy.
11:59 of 2nd period - Josh Bailey wins face-off versus Rickard Rakell in Sasquatch zone.
12:00 of 2nd period - Snap shot by Michael Raffl.
12:00 of 2nd period - Deflect By James Wright.
12:00 of 2nd period - Shot Blocked by Yann Sauvé.
12:00 of 2nd period - Puck is out of play.
12:01 of 2nd period - James Wright wins face-off versus Drew Shore in Sasquatch zone.
12:24 of 2nd period - Icing by Yann Sauvé.
12:25 of 2nd period - Jason Akeson wins face-off versus Ryan Nugent-Hopkins in Sasquatch zone.
12:32 of 2nd period - Snap shot by Jason Akeson.
12:32 of 2nd period - Shot Blocked by Ryan Nugent-Hopkins.
12:55 of 2nd period - Snap shot by Michael Raffl.
12:55 of 2nd period - Stopped by Corey Crawford with a rebound.
12:58 of 2nd period - Icing by Jonathan Blum.
12:59 of 2nd period - Drew Shore wins face-off versus James Wright in Sasquatch zone.
13:20 of 2nd period - Snap shot by Jason Zucker.
13:20 of 2nd period - Stopped by Ben Scrivens with a rebound.
13:22 of 2nd period - Wrist shot by Drew Shore.
13:22 of 2nd period - Goal by Drew Shore - Sasquatch : 2 - Knights : 2.
13:23 of 2nd period - Stephane Da Costa wins face-off versus Cody Bass in neutral zone.
14:01 of 2nd period - Slapshot by Josh Bailey.
14:01 of 2nd period - Goal by Josh Bailey - Sasquatch : 2 - Knights : 3.
14:02 of 2nd period - Drew Shore wins face-off versus Ryan Nugent-Hopkins in neutral zone.
14:17 of 2nd period - Slapshot by Drew Shore.
14:17 of 2nd period - Stopped by Ben Scrivens without a rebound.
14:18 of 2nd period - Stephane Da Costa wins face-off versus Cody Bass in Knights zone.
14:40 of 2nd period - Icing by Linden Vey.
14:41 of 2nd period - Cody Bass wins face-off versus Drew Shore in Knights zone.
14:50 of 2nd period - Ryan Strome is hit by A.J. Jenks and loses puck.
15:17 of 2nd period - Wrist shot by Cody Bass.
15:17 of 2nd period - Shot Hit the Post.
15:19 of 2nd period - Snap shot by A.J. Jenks.
15:19 of 2nd period - Stopped by Corey Crawford with a rebound.
15:21 of 2nd period - Slapshot by Jared Spurgeon.
15:21 of 2nd period - Shot Misses the Net.
15:23 of 2nd period - Slapshot by Jared Spurgeon.
15:23 of 2nd period - Stopped by Corey Crawford with a rebound.
15:29 of 2nd period - Slapshot by Jared Spurgeon.
15:29 of 2nd period - Deflect By Linden Vey.
15:29 of 2nd period - Stopped by Corey Crawford without a rebound.
15:30 of 2nd period - Josh Bailey wins face-off versus Filip Forsberg in Sasquatch zone.
17:17 of 2nd period - Nikita Nikitin is hit by Nick Leddy and loses puck.
17:44 of 2nd period - Snap shot by Ryan Nugent-Hopkins.
17:44 of 2nd period - Shot Blocked by Stephane Da Costa.
18:02 of 2nd period - Slapshot by Drew Shore.
18:02 of 2nd period - Deflect By Jason Zucker.
18:02 of 2nd period - Stopped by Ben Scrivens with a rebound.
18:33 of 2nd period - Nick Leddy is hit by Ryan Nugent-Hopkins and loses puck.
18:42 of 2nd period - Icing by Jared Spurgeon.
18:43 of 2nd period - Ryan Nugent-Hopkins wins face-off versus Stephane Da Costa in Knights zone.
19:22 of 2nd period - Wrist shot by Sergey Kalinin.
19:22 of 2nd period - Stopped by Ben Scrivens with a rebound.
19:24 of 2nd period - Slapshot by Nick Leddy.
19:24 of 2nd period - Stopped by Ben Scrivens with a rebound.
19:26 of 2nd period - Slapshot by Nick Leddy.
19:26 of 2nd period - Stopped by Ben Scrivens with a rebound.
19:28 of 2nd period - Wrist shot by Sergey Kalinin.
19:28 of 2nd period - Shot Misses the Net.
19:42 of 2nd period - Stephane Da Costa is hit by Tom Wilson and loses puck.
19:56 of 2nd period - Jason Akeson is hit by Michael Matheson and loses puck.
Goals for this period are 1 for Sasquatch vs 1 for Knights.
Shots for this period are 15 for Sasquatch vs 11 for Knights.
3rd period
0:01 of 3rd period - James Wright wins face-off versus Stephane Da Costa in neutral zone.
0:35 of 3rd period - Backhand shot by Drew Shore.
0:35 of 3rd period - Stopped by Ben Scrivens without a rebound.
0:36 of 3rd period - Ryan Nugent-Hopkins wins face-off versus Stephane Da Costa in Knights zone.
1:09 of 3rd period - Snap shot by Drew Shore.
1:09 of 3rd period - Deflect By Jason Zucker.
1:09 of 3rd period - Stopped by Ben Scrivens with a rebound.
1:11 of 3rd period - Wrist shot by Ryan Strome.
1:11 of 3rd period - Shot Misses the Net.
1:31 of 3rd period - Snap shot by Cody Bass.
1:31 of 3rd period - Shot Misses the Net.
1:33 of 3rd period - Wrist shot by Cody Bass.
1:33 of 3rd period - Stopped by Corey Crawford with a rebound.
1:43 of 3rd period - Jordan Martinook is hit by Sergey Kalinin and loses puck.
1:50 of 3rd period - Snap shot by Tyler Randell.
1:50 of 3rd period - Shot Misses the Net.
2:09 of 3rd period - Minor Penalty to Jonathan Blum for Hooking.
2:10 of 3rd period - James Wright wins face-off versus Drew Shore in Sasquatch zone.
2:14 of 3rd period - Snap shot by Josh Bailey.
2:14 of 3rd period - Stopped by Corey Crawford with a rebound.
3:31 of 3rd period - Icing by Josh Bailey.
3:32 of 3rd period - Filip Forsberg wins face-off versus Josh Bailey in Knights zone.
3:33 of 3rd period - Snap shot by Brock Trotter.
3:33 of 3rd period - Stopped by Ben Scrivens with a rebound.
4:09 of 3rd period - Penalty to Jonathan Blum is over, Jonathan Blum is back on ice.
4:21 of 3rd period - Slapshot by Jaccob Slavin.
4:21 of 3rd period - Stopped by Corey Crawford with a rebound.
4:23 of 3rd period - Slapshot by Linden Vey.
4:23 of 3rd period - Deflect By Cody Bass.
4:23 of 3rd period - Stopped by Corey Crawford without a rebound.
4:24 of 3rd period - Stephane Da Costa wins face-off versus Cody Bass in Sasquatch zone.
5:13 of 3rd period - Wrist shot by Garnet Hathaway.
5:13 of 3rd period - Shot Blocked by Josh Bailey.
5:29 of 3rd period - Jordan Martinook is hit by Jonathan Blum and loses puck.
5:44 of 3rd period - Minor Penalty to Sergey Kalinin for Boarding.
5:45 of 3rd period - James Wright wins face-off versus Drew Shore in Sasquatch zone.
5:58 of 3rd period - Wrist shot by Michael Raffl.
5:58 of 3rd period - Stopped by Corey Crawford without a rebound.
5:59 of 3rd period - James Wright wins face-off versus Drew Shore in Sasquatch zone.
6:54 of 3rd period - Ty Wishart is hit by Josh Bailey and loses puck.
7:44 of 3rd period - Penalty to Sergey Kalinin is over, Sergey Kalinin is back on ice.
7:44 of 3rd period - Icing by Yann Sauvé.
7:45 of 3rd period - Drew Shore wins face-off versus Ronalds Kenins in Sasquatch zone.
7:54 of 3rd period - Ryan Nugent-Hopkins is hit by Nick Leddy and loses puck.
8:07 of 3rd period - Zach Trotman is hit by Nick Leddy and loses puck.
8:22 of 3rd period - Tom Wilson is hit by Teemu Hartikainen and loses puck.
8:59 of 3rd period - Wrist shot by Stephane Da Costa.
8:59 of 3rd period - Stopped by Ben Scrivens with a rebound.
9:01 of 3rd period - Slapshot by Slava Voynov.
9:01 of 3rd period - Stopped by Ben Scrivens without a rebound.
9:02 of 3rd period - Ryan Nugent-Hopkins wins face-off versus Drew Shore in Knights zone.
9:02 of 3rd period - Ryan Nugent-Hopkins is hit by Nick Leddy.
9:07 of 3rd period - Off-side.
9:08 of 3rd period - Jason Zucker wins face-off versus Ryan Nugent-Hopkins in neutral zone.
9:11 of 3rd period - Snap shot by Nick Leddy.
9:11 of 3rd period - Stopped by Ben Scrivens without a rebound.
9:12 of 3rd period - Ryan Nugent-Hopkins wins face-off versus Drew Shore in Knights zone.
9:25 of 3rd period - Snap shot by Ryan Nugent-Hopkins.
9:25 of 3rd period - Shot Blocked by Nick Leddy.
9:27 of 3rd period - Slapshot by Kevin Hayes.
9:27 of 3rd period - Goal by Kevin Hayes - Sasquatch : 2 - Knights : 4.
9:28 of 3rd period - James Wright wins face-off versus Stephane Da Costa in neutral zone.
9:32 of 3rd period - Minor Penalty to Jason Akeson for Slashing.
9:33 of 3rd period - James Wright wins face-off versus Drew Shore in Sasquatch zone.
9:38 of 3rd period - Snap shot by James Wright.
9:38 of 3rd period - Shot Misses the Net.
9:40 of 3rd period - Slapshot by Nikita Nikitin.
9:40 of 3rd period - Goal by Nikita Nikitin - Sasquatch : 2 - Knights : 5.
9:41 of 3rd period - Stephane Da Costa wins face-off versus James Wright in neutral zone.
9:50 of 3rd period - Snap shot by Stephane Da Costa.
9:50 of 3rd period - Goal by Stephane Da Costa - Sasquatch : 3 - Knights : 5.
9:51 of 3rd period - Stephane Da Costa wins face-off versus James Wright in neutral zone.
10:16 of 3rd period - Kevin Hayes is hit by Nick Leddy and loses puck.
11:07 of 3rd period - Snap shot by Cody Bass.
11:07 of 3rd period - Stopped by Corey Crawford with a rebound.
11:45 of 3rd period - Wrist shot by Kevin Hayes.
11:45 of 3rd period - Shot Misses the Net.
12:01 of 3rd period - Snap shot by Brock Trotter.
12:01 of 3rd period - Stopped by Ben Scrivens without a rebound.
12:02 of 3rd period - Michael Raffl wins face-off versus Rickard Rakell in Knights zone.
12:33 of 3rd period - Michael Raffl is hit by Drew Shore and loses puck.
12:40 of 3rd period - Nick Leddy is hit by Nikita Nikitin and loses puck.
12:47 of 3rd period - Snap shot by Michael Raffl.
12:47 of 3rd period - Shot Misses the Net.
12:49 of 3rd period - Slapshot by Jacob Trouba.
12:49 of 3rd period - Shot Misses the Net.
13:16 of 3rd period - Off-side.
13:17 of 3rd period - Ryan Nugent-Hopkins wins face-off versus Stephane Da Costa in neutral zone.
13:32 of 3rd period - Ryan Nugent-Hopkins is hit by Filip Forsberg and loses puck.
13:39 of 3rd period - Filip Forsberg is hit by Michael Matheson and loses puck.
14:05 of 3rd period - Off-side.
14:06 of 3rd period - Rickard Rakell wins face-off versus Cody Bass in neutral zone.
14:40 of 3rd period - Slapshot by Jonathan Blum.
14:40 of 3rd period - Shot Misses the Net.
14:42 of 3rd period - Snap shot by Jonathan Blum.
14:42 of 3rd period - Shot Misses the Net.
14:44 of 3rd period - Slapshot by Jonathan Blum.
14:44 of 3rd period - Stopped by Ben Scrivens with a rebound.
15:56 of 3rd period - Cody Bass is hit by Stephane Da Costa and loses puck.
16:04 of 3rd period - Icing by A.J. Jenks.
16:05 of 3rd period - Cody Bass wins face-off versus Filip Forsberg in Knights zone.
16:24 of 3rd period - Wrist shot by Linden Vey.
16:24 of 3rd period - Shot Blocked by Stephane Da Costa.
16:26 of 3rd period - Snap shot by Cody Bass.
16:26 of 3rd period - Shot Blocked by Ty Wishart.
16:31 of 3rd period - Minor Penalty to Ty Wishart for Hooking.
16:32 of 3rd period - Drew Shore wins face-off versus James Wright in Sasquatch zone.
16:32 of 3rd period - Drew Shore is hit by Josh Bailey.
16:46 of 3rd period - Garnet Hathaway is hit by Michael Raffl and loses puck.
18:00 of 3rd period - Icing by Josh Bailey.
18:01 of 3rd period - James Wright wins face-off versus Filip Forsberg in Knights zone.
18:16 of 3rd period - Filip Forsberg is hit by Nikita Nikitin and loses puck.
18:31 of 3rd period - Penalty to Ty Wishart is over, Ty Wishart is back on ice.
18:44 of 3rd period - Minor Penalty to Nick Leddy for Holding.
18:45 of 3rd period - Ryan Nugent-Hopkins wins face-off versus Drew Shore in Sasquatch zone.
18:53 of 3rd period - Snap shot by Ryan Nugent-Hopkins.
18:53 of 3rd period - Stopped by Corey Crawford without a rebound.
18:54 of 3rd period - Ryan Nugent-Hopkins wins face-off versus Drew Shore in Sasquatch zone.
18:57 of 3rd period - Snap shot by Ronalds Kenins.
18:57 of 3rd period - Shot Misses the Net.
18:59 of 3rd period - Slapshot by Kevin Hayes.
18:59 of 3rd period - Stopped by Corey Crawford without a rebound.
19:00 of 3rd period - James Wright wins face-off versus Drew Shore in Sasquatch zone.
19:09 of 3rd period - Snap shot by Michael Raffl.
19:09 of 3rd period - Stopped by Corey Crawford with a rebound.
19:11 of 3rd period - Slapshot by Jared Spurgeon.
19:11 of 3rd period - Stopped by Corey Crawford with a rebound.
19:13 of 3rd period - Slapshot by Nikita Nikitin.
19:13 of 3rd period - Goal by Nikita Nikitin - Sasquatch : 3 - Knights : 6.
19:14 of 3rd period - James Wright wins face-off versus Stephane Da Costa in neutral zone.
19:57 of 3rd period - Minor Penalty to Drew Shore for Hooking.
19:58 of 3rd period - James Wright wins face-off versus Filip Forsberg in Sasquatch zone.
19:59 of 3rd period - Snap shot by Josh Bailey.
19:59 of 3rd period - Shot Blocked by Yann Sauvé.
Goals for this period are 1 for Sasquatch vs 3 for Knights.
Shots for this period are 9 for Sasquatch vs 13 for Knights.
Back to the Top